 Dungeon Crawl Stone Soup version 0.31-a0-319-g4fced400ed (webtiles) character file.

Game seed: 17704885286438706057

14219 gelatine the Cleaver (level 11, 0/84 HPs)
             Began as a Demonspawn Gladiator on July 17, 2023.
             Slain by a polar bear (9 damage)
             ... while petrified by a basilisk
             ... on level 2 of the Lair of Beasts.
             The game lasted 00:28:58 (13907 turns).

gelatine the Cleaver (Demonspawn Gladiator)        Turns: 13907, Time: 00:28:59

Health: 0/84       AC:  8    Str: 19    XL:     11   Next: 85%
Magic:  15/15      EV:  2    Int: 10    God:
Gold:   763        SH:  0    Dex: 20    Spells: 12/16 levels left

rFire   . . .        x - +1 war axe (elec)
rCold   . . .        F - +0 buckler
rNeg    + + +        W - +2 robe {rN+}
rPois   ∞            c - +0 helmet
rElec   .            R - +0 cloak
rCorr   .            (no gloves)
SInv    .            P - +0 pair of boots
Will    .....        (no amulet)
Stlth   ++           m - +6 ring of dexterity
HPRegen 0.34/turn    G - ring of poison resistance
MPRegen 0.28/turn

%: no passive effects
@: petrified
A: repulsion field 2, foul stench 2, magic regeneration, demonic touch 1
a: no special abilities


You were on level 2 of the Lair of Beasts.
You visited 3 branches of the dungeon, and saw 14 of its levels.
You also visited: Ossuary.

You collected 977 gold pieces.
You spent 214 gold pieces at shops.

Inventory:

Hand Weapons
 a - a +0 war axe
 s - a +0 broad axe
 x - a +1 war axe of electrocution (weapon)
Missiles
 d - 4 throwing nets
 w - 5 curare-tipped darts (quivered)
 y - 2 atropa-tipped darts
 B - 2 javelins
 X - 5 boomerangs
Armour
 c - a +0 helmet (worn)
 h - a +0 kite shield
 F - a +0 buckler (worn)
 P - a +0 pair of boots (worn)
 R - a +0 cloak (worn)
 W - a +2 robe of positive energy (worn)
Jewellery
 g - a ring of flight
 m - a +6 ring of dexterity (left hand)
 G - a ring of poison resistance (right hand)
 Q - a +6 ring of dexterity
 T - an amulet of magic regeneration
Talismans
 q - a maw talisman
Wands
 e - a wand of mindburst (30)
 r - a wand of flame (10)
 D - a wand of polymorph (12)
 O - a wand of paralysis (21)
Scrolls
 f - 6 scrolls of teleportation
 l - a scroll of fog
 n - 5 scrolls of amnesia
 o - a scroll of summoning
 u - 3 scrolls of fear
 z - a scroll of vulnerability
 A - a scroll of poison
 H - a scroll of blinking
 K - a scroll of enchant weapon
 L - 2 scrolls of immolation
 N - a scroll of identify
 U - a scroll of revelation
Potions
 b - a potion of magic
 i - 2 potions of enlightenment
 j - 15 potions of curing
 k - 2 potions of brilliance
 p - 4 potions of mutation
 t - a potion of might
 v - 5 potions of attraction
 C - 3 potions of heal wounds
 E - 3 potions of resistance
 I - 2 potions of haste {unknown}
 J - a potion of ambrosia
 M - a potion of berserk rage {unknown}
 S - 2 potions of cancellation {unknown}
 V - a potion of lignification {unknown}


   Skills:
 * Level 7.2 Fighting
 * Level 10.0 Axes
 * Level 5.6 Throwing
 * Level 6.0 Armour
 * Level 6.0 Dodging
 + Level 1.2 Stealth
 * Level 5.4 Shields
 * Level 3.2 Spellcasting
 * Level 4.1 Poison Magic
 * Level 3.5 Evocations
 * Level 2.9 Shapeshifting


You had 12 spell levels left.
You knew the following spells:

 Your Spells              Type           Power      Damage    Failure   Level
a - Olgreb's Toxic Radia  Pois           9%         N/A       52%         4

Your spell library contained the following spells:

 Spells                   Type           Power      Damage    Failure   Level
 Sting                    Tmut/Pois      20%        1d4       14%         1
 Poisonous Vapours        Pois/Air       10%        N/A       22%         2
 Foxfire                  Conj/Fire      4%         2x1d4     34%         1
 Ozocubu's Armour         Ice            1%         N/A       71%         3
 Plasma Beam              Fire/Air       0%         2x1d10    100%        6
 Starburst                Conj/Fire      0%         6d3       100%        6
 Ozocubu's Refrigeration  Ice            0%         4d7       100%        7


Dungeon Overview and Level Annotations

Branches:
Dungeon (11/15)            Temple (1/1) D:4            Lair (2/5) D:11
Ossuary (visited)
  Swamp: Lair:2-3    Shoals: Lair:2-3     Snake: Lair:2-3    Spider: Lair:2-3
    Orc: D:9-12

Altars:
Ashenzari
Cheibriados
Dithmenos
Fedhas
Gozag
Hepliaklqana
Kikubaaqudgha
Makhleb
Nemelex Xobeh
Okawaru
Qazlal
Ru
Sif Muna
Trog
Uskayaw
Vehumet
Wu Jian
Xom
Yredelemnul

Shops:
D:4 =*

Annotations:
D:11 exclusion: orange crystal statue
Lair:2 2 transporters, Etsiony's ghost, novice TrSh


Innate Abilities, Weirdness & Mutations

You are surrounded by a moderate repulsion field. (EV +3)
You sometimes emit foul miasma when damaged in melee.
You regenerate magic rapidly.
Your touch may inflict minor irresistible damage on your foes.


Message History

You hit the polar bear. The wyvern closely misses you.
You hit the polar bear.
The polar bear is heavily wounded.
You hit the wyvern but do no damage. Lightning courses through the wyvern!
You kill the wyvern!
The polar bear misses you. The polar bear barely misses you.
The polar bear claws you but does no damage.
The basilisk gazes at you.
You are slowing down.
You slash the polar bear!
The polar bear is almost dead.
The polar bear bites you!
The polar bear claws you but does no damage. x2
Your limbs are stiffening.
You barely miss the polar bear.
The polar bear is almost dead.
You hit the basilisk.
The polar bear is no longer moving slowly.
The polar bear looks more healthy.
The basilisk bites you! The polar bear barely misses you. x2
The polar bear claws you but does no damage.
The basilisk bites you!
You have turned to stone.
The polar bear goes berserk!
The basilisk gazes at you. You resist with some effort.
The polar bear bites you!!
The polar bear claws you but does no damage. x2
The basilisk bites you! The polar bear bites you! The polar bear claws you.
The polar bear claws you but does no damage.
The polar bear bites you!
The polar bear claws you but does no damage. x2
The basilisk bites you! The polar bear bites you!!
* * * LOW HITPOINT WARNING * * *
The polar bear claws you but does no damage. x2
The basilisk bites you!
* * * LOW HITPOINT WARNING * * *
The polar bear bites you!!
You die...

...^......###†##....P~
#P........................
....................©....#
.............#....#####...
............#...###iiW###.
......>........## .iyy.# #
...............# ....##..#
........h.....##.....≈##.#
(....(.(l@....#iy.....#...
..............#y.##._.W..©
#...........$.#i##≈:? ##.
..............#####i.# #.#
##.............##...i### #
...............# ...y.. ##
#...............###.ii###.
..................#####...
....<......©.....


You could see 2 moths of wrath, a polar bear (berserk), a basilisk and 2
spriggans.

Vanquished Creatures
  3 two-headed ogres
  A boulder beetle (Lair:2)
  Maurice (D:9)
  2 cane toads (Lair:2)
  A kobold demonologist (D:9)
  2 komodo dragons
  Psyche (D:10)
  A troll (D:9)
  2 hornets (D:8)
  Grinder (D:3)
  7 blink frogs (Lair:1)
  A shadow (D:11)
  4 wyverns
  13 yaks
  2 wraiths
  A basilisk (Lair:1)
  An acid dragon (D:10)
  3 water moccasins
  2 orc warriors (D:9)
  2 sky beasts (D:7)
  A black bear (D:3)
  6 wolves (Lair:1)
  5 ogres
  4 centaurs
  2 phantoms (D:5)
  5 kobold brigands
  2 gnoll sergeants
  7 bullfrogs
  A scorpion (D:6)
  2 water moccasin zombies (D:5)
  A water moccasin skeleton (D:5)
  10 killer bees
  A howler monkey (D:10)
  2 centaur zombies (D:5)
  A jelly (D:5)
  2 bullfrog zombies (D:5)
  A hound (D:7)
  A gnoll bouda (D:10)
  4 orc priests
  A bullfrog skeleton (D:5)
  2 sleepcaps (D:5)
  3 iguanas
  8 orc wizards
  A hound zombie (D:5)
  A hound skeleton (D:5)
  4 mummies
  12 gnolls
  4 adders
  2 shadow imps
  4 white imps
  An ufetubus (D:5)
  5 dart slugs
  30 orcs
  3 ball pythons
  3 endoplasms
  2 giant cockroaches
  7 goblins
  7 hobgoblins
  8 jackals (D:1)
  A quokka (D:3)
  6 bats
  3 frilled lizards
  A gnoll zombie (Ossuary)
  2 goblin zombies (Ossuary)
  3 hobgoblin zombies (Ossuary)
  10 kobolds
  2 kobold zombies (Ossuary)
  An orc zombie (Ossuary)
  5 rats
251 creatures vanquished.

Notes
Turn   | Place    | Note
-------+----------+-------------------------------------------
     0 | D:1      | gelatine the Demonspawn Gladiator began the quest for the
                  | Orb.
     0 | D:1      | Reached XP level 1. HP: 16/16 MP: 1/1
   131 | D:1      | Gained mutation: You regenerate magic rapidly. [demonic
                  | ancestry]
   131 | D:1      | Reached XP level 2. HP: 18/22 MP: 2/2
   258 | D:1      | Reached skill level 3 in Axes
   472 | D:1      | Found a faded altar of an unknown god.
   694 | D:1      | Gained mutation: You may rarely emit foul miasma when
                  | damaged in melee. [demonic ancestry]
   694 | D:1      | Reached XP level 3. HP: 21/28 MP: 3/3
   746 | D:1      | You fall into a shaft and drop 1 floor!
  2292 | D:3      | Noticed a black bear
  2298 | D:3      | Killed a black bear
  2299 | D:3      | Reached skill level 1 in Armour
  2299 | D:3      | Reached skill level 1 in Shields
  2299 | D:3      | Reached XP level 4. HP: 14/34 MP: 4/4
  2299 | D:3      | Reached XP level 5. HP: 16/39 MP: 5/5
  2399 | D:3      | Noticed Grinder
  2412 | D:3      | Killed Grinder
  2413 | D:3      | Reached skill level 4 in Axes
  2413 | D:3      | Reached XP level 6. HP: 46/46 MP: 6/6
  3090 | D:4      | Found a staircase to the Ecumenical Temple.
  3104 | Temple   | Entered the Ecumenical Temple
  3227 | D:4      | Found a bloodstained altar of Trog.
  3517 | D:4      | Found Amum's Assorted Antiques.
  3523 | D:4      | Bought a glowing war axe for 214 gold pieces
  3763 | D:4      | Found Pumoi's Jewellery Emporium.
  3958 | D:5      | Entered Level 5 of the Dungeon
  4000 | D:5      | Reached XP level 7. HP: 28/52 MP: 7/7
  4144 | D:5      | Reached skill level 5 in Axes
  4440 | D:5      | Gained mutation: You are surrounded by a mild repulsion
                  | field. (EV +2) [demonic ancestry]
  4440 | D:5      | Reached XP level 8. HP: 55/58 MP: 8/8
  4629 | D:5      | Reached skill level 6 in Axes
  5246 | D:6      | Found a sand-covered staircase.
  5257 | Ossuary  | Entered an ossuary
  6031 | D:6      | Gained mutation: You sometimes emit foul miasma when
                  | damaged in melee. [demonic ancestry]
  6031 | D:6      | Reached XP level 9. HP: 55/66 MP: 9/9
  6127 | D:6      | Reached skill level 7 in Axes
  6407 | D:7      | Learned a level 4 spell: Olgreb's Toxic Radiance
  7317 | D:7      | Reached skill level 1 in Poison Magic
  7484 | D:8      | Reached skill level 1 in Spellcasting
  7484 | D:8      | Reached skill level 1 in Evocations
  7543 | D:8      | Reached skill level 5 in Armour
  7558 | D:8      | Reached skill level 1 in Shapeshifting
  7567 | D:8      | Reached skill level 5 in Fighting
  7590 | D:8      | Reached skill level 5 in Dodging
  7590 | D:8      | Gained mutation: You are surrounded by a moderate repulsion
                  | field. (EV +3) [demonic ancestry]
  7590 | D:8      | Reached XP level 10. HP: 44/74 MP: 12/12
  7787 | D:8      | Reached skill level 8 in Axes
  8502 | D:9      | Noticed a two-headed ogre
  8513 | D:9      | Killed a two-headed ogre
  8514 | D:9      | Reached skill level 1 in Stealth
  8847 | D:9      | Noticed Maurice
  8853 | D:9      | Killed Maurice
  9810 | D:10     | Entered Level 10 of the Dungeon
 10314 | D:10     | Reached skill level 9 in Axes
 10454 | D:10     | Gained mutation: Your touch may inflict minor irresistible
                  | damage on your foes. [demonic ancestry]
 10454 | D:10     | Reached XP level 11. HP: 73/81 MP: 14/14
 10707 | D:10     | Noticed Psyche
 10710 | D:10     | Killed Psyche
 10875 | D:11     | Found a staircase to the Lair.
 11082 | D:11     | Noticed a two-headed ogre
 11086 | D:11     | Killed a two-headed ogre
 11087 | D:11     | Reached skill level 5 in Shields
 11104 | D:11     | Noticed a two-headed ogre
 11112 | D:11     | Killed a two-headed ogre
 11295 | D:11     | Noticed an orange crystal statue
 11502 | Lair:1   | Entered Level 1 of the Lair of Beasts
 11645 | Lair:1   | Reached skill level 5 in Throwing
 13402 | Lair:2   | Found a transporter.
 13458 | Lair:2   | Noticed a spriggan rider
 13459 | Lair:2   | Found a bloodstained altar of Trog.
 13467 | Lair:2   | Found a transporter.
 13468 | Lair:2   | Noticed Etsiony's ghost (novice TrSh)
 13778 | Lair:2   | Noticed a boulder beetle
 13793 | Lair:2   | Killed a boulder beetle
 13794 | Lair:2   | Reached skill level 10 in Axes
 13907 | Lair:2   | Slain by a polar bear

Illustrated notes

Levels and vault maps discovered:
D:1:      evilmike_arrival_crescent, layout_loops_corners,
          shapermc_ecumenical_altar_mp_urbaneastern
D:2:      layout_basic
D:3:      layout_loops_ring, hex_medium, uniq_grinder
D:4:      layout_gridville, amcnicky_altar_gilded,
          minmay_temple_entry_drinking_statues, serial_shops,
          kennysheep_little_box, shop
D:5:      layout_gridville, serial_undead, serial_undead_b, serial_undead_b,
          serial_undead_b, serial_undead_e, dreamdust_wishing_well,
          dreamdust_princess_bridge
D:6:      layout_rooms, gup_ossuary_entry_pyramid
D:7:      layout_loops_corners, chequers_serial_rivers_room_a
D:8:      layout_basic
D:9:      layout_basic, uniq_maurice
D:10:     layout_loops_ring, uniq_psyche
D:11:     minmay_statue_hallways, layout_cave_pools, kennysheep_generic_room_13
Temple:   nicolae_temple_the_god_donut
Lair:1:   layout_layer_cave
Lair:2:   layout_gridlike, hellmonk_spider_entry_not_the_bees,
          gammafunk_ghost_wrathful_warriors

Skill      XL: |  1  2  3  4  5  6  7  8  9 10 11 |
---------------+----------------------------------+-----
Axes           | 3 4 5 6 7 9 10 | 10.0
Dodging        | 3 4 5 6 |  6.0
Throwing       | 2 3 4 5 |  5.6
Armour         | 1 2 3 4 5 6 |  6.0
Shields        | 1 2 3 4 5 |  5.4
Fighting       | 3 4 5 6 7 |  7.2
Poison Magic   | 1 3 4 |  4.1
Spellcasting   | 1 2 3 |  3.2
Evocations     | 1 2 3 |  3.5
Shapeshifting  | 1 2 |  2.9
Stealth        | 1 |  1.2

Action                     |  1- 3 |  4- 6 |  7- 9 | 10-12 || total
---------------------------+-------+-------+-------+-------++-------
  Melee: War axe           |   132 |    77 |   301 |   328 ||   838
  Throw: Stone             |    12 |       |       |       ||    12
         Throwing net      |       |     2 |       |       ||     2
         Javelin           |       |     6 |    33 |    47 ||    86
         Boomerang         |       |       |     6 |    12 ||    18
         Dart              |       |       |       |     9 ||     9
  Evoke: Wand              |       |       |       |     2 ||     2
    Use: Scroll            |       |       |    14 |     8 ||    22
         Potion            |       |       |     1 |       ||     1
   Stab: Held in net/web   |       |     1 |       |       ||     1
         Sleeping          |       |     1 |       |     1 ||     2
 Armour: Ring mail         |    68 |    13 |    70 |     4 ||   155
         Leather armour    |       |       |       |    19 ||    19
         Robe              |       |       |       |    33 ||    33
  Dodge: Dodged            |    58 |    33 |   139 |   238 ||   468
  Block: Kite shield       |    64 |    31 |   142 |     9 ||   246
         Buckler           |       |       |       |    90 ||    90

Table legend: (Time is in decaauts)
 A = Elapsed time spent in this place.
 B = Non-inter-level travel time spent in this place.
 C = Inter-level travel time spent in this place.
 D = Time resting spent in this place.
 E = Time spent auto-exploring this place.
 F = Levels seen in this place.
 G = Mean time per level.
                   A        B        C        D        E       F      G
               +--------+--------+--------+--------+--------+-----+--------+
         Total |  14188 |  13906 |    282 |      0 |  11290 |  15 |  945.9 |
       Dungeon |  11181 |  10938 |    243 |      0 |   8803 |  11 | 1016.5 |
        Temple |     64 |     64 |      0 |      0 |      0 |   1 |   64.0 |
          Lair |   2416 |   2377 |     39 |      0 |   2081 |   2 | 1208.0 |
       Ossuary |    525 |    525 |      0 |      0 |    406 |   1 |  525.0 |
               +--------+--------+--------+--------+--------+-----+--------+

Top non-repeatable levels by time:
  Lair:1: 1908 daAuts
     D:9: 1453 daAuts
     D:1: 1173 daAuts
     D:7: 1125 daAuts
     D:5: 1117 daAuts
     D:2: 1101 daAuts
    D:10: 1026 daAuts
     D:8: 923 daAuts
     D:3: 872 daAuts
     D:4: 852 daAuts
     D:6: 847 daAuts
    D:11: 685 daAuts
 Ossuary: 525 daAuts
  Lair:2: 507 daAuts
  Temple: 64 daAuts
